AoeStats
← GladiusDecimus

Arena

509512236Analyzed
1v1 RM · 6d ago on Sep 27, 2026· 50m 33s· 2 players
Game mode
Random Map
Map size
Tiny (2 player)
Population
200
Speed
Normal
Resources
Standard
Victory
Conquest
Starting age
Dark Age
Ending age
Imperial Age
RankedLock teamsTeams togetherTeam positionsShared explorationLock speedFull tech treeHidden civsTurbo modeCheats
Victory
Defeat
🇺🇸 Saxons · United States
844
+15
🇳🇱 Magyars · Netherlands
813
-15
SmellyMcSmonker
11:32 Feudal Age
16:08 Castle Age
14:48 Stone Mining
15:09 Horse Collar
16:16 Double-Bit Axe
19:47 Fletching
22:50 Corvinian Army
24:08 Scale Barding Armor
25:45 Chain Barding Armor
26:23 Gold Mining
27:31 Bodkin Arrow
28:17 Bow Saw
31:08 Gold Shaft Mining
31:29 Murder Holes
36:12 Imperial Age
37:44 Bracer
38:25 Padded Archer Armor
40:17 Chemistry
41:00 Leather Archer Armor
42:21 Conscription
42:47 Ring Archer Armor
43:32 Ballistics
42:50 Elite Skirmisher
49:07 Thumb Ring
50:36 Heavy Plow
GladiusDecimus
5:44 Loom
9:58 Feudal Age
10:27 Double-Bit Axe
10:25 Horse Collar
16:35 Castle Age
16:14 Gold Mining
20:10 Town Watch
23:06 Town Patrol
25:59 Wheelbarrow
31:22 Imperial Age
30:15 Arson
31:54 Squires
31:40 Gambesons
32:10 Pikeman
32:55 Scale Mail Armor
33:05 Forging
35:19 Hand Cart
37:13 Conscription
36:21 Halberdier
37:30 Chain Mail Armor
37:50 Iron Casting
39:16 Elite Varangian Guard
40:28 Plate Mail Armor
40:43 Shield Wall
Connection lost

Rejoining the realm…

Still unreachable

The connection could not be restored.

Session expired

The server has moved on; the page needs a fresh start.